Map: Ruins of Seras

Players

Spacemen - Winner!

  • Race: Protoss Protoss
  • League: Silver

Hat

  • Race: Zerg Zerg
  • League: Gold

VOD

Have the link to the VOD?

Description

Time

  • Played on: Aug. 18, 2015, 1:32 a.m.
  • Length: 8:19
Show
View Real Time Build Order
Export as new Build Order

Spacemen Protoss - Winner!

Build Orders: 1 Gate Expand 

Get SALT Encoding   

  12  0:00  Probe  
  13  0:13  Pylon  
  13  0:18  Probe  
  14  0:31  Probe (Chrono Boost)  
  14  0:34  Gateway  
  16  0:43  Probe (Chrono Boost)  
  16  0:45  Assimilator  
  17  0:50  Probe (Chrono Boost)  
  17  1:01  Probe  
  18  1:13  Probe  
  19  1:25  Probe  
  19  1:28  Nexus  
  20  1:40  Cybernetics Core  
  20  1:44  Probe (Chrono Boost)  
  21  1:54  Probe (Chrono Boost), Pylon  
  22  2:05  Assimilator  
  22  2:16  Adept  
  22  2:17  Pylon  
  22  2:18  Mothership Core (Chrono Boost)  
  22  2:22  Warp Gate  
  26  2:42  Probe (Chrono Boost)  
  26  2:43  Probe (Chrono Boost)  
  30  2:52  Probe x2 (Chrono Boost)  
  30  2:59  Probe x2  
  30  3:00  Robotics Facility  
  32  3:11  Probe (Chrono Boost)  
  32  3:12  Probe (Chrono Boost)  
  34  3:14  Adept  
  36  3:24  Probe x2 (Chrono Boost)  
  38  3:30  Probe x2 (Chrono Boost)  
  40  3:40  Probe  
  40  3:41  Probe  
  42  3:43  Assimilator  
  42  3:44  Assimilator  
  42  3:48  Immortal  
  46  3:51  Adept  
  46  3:53  Probe x2  
  50  4:01  Pylon  
  50  4:05  Probe  
  51  4:19  Pylon  
  51  4:20  Pylon  
  51  4:25  Gateway  
  51  4:26  Gateway  
  51  4:28  Gateway  
  51  4:30  Gateway  
  51  4:37  Immortal (Chrono Boost)  
  55  4:39  Probe  
  55  4:40  Probe  
  57  4:52  Probe x2, Pylon  
  59  4:57  Adept  
  61  5:04  Probe x2  
  61  5:07  Pylon  
  63  5:09  Immortal (Chrono Boost)  
  67  5:24  Adept  
  69  5:30  Adept  
  69  5:31  Adept x3  
  77  6:11  Adept x3  
  77  6:12  Adept x2  
  87  6:22  Pylon  
  87  6:27  Stargate  
  87  6:28  Nexus, Stargate  
  87  6:30  Stargate  
  87  6:41  Adept x5  
  87  6:42  Pylon  
  95  7:21  Stalker x4  
  95  7:22  Stalker  
  103  7:30  Pylon  
  103  7:32  Pylon  
  103  7:34  Pylon  
  103  7:37  Pylon  
  91  8:07  Probe (Chrono Boost)  
Show
View Real Time Build Order
Export as new Build Order

Hat Zerg 

Build Orders: Hatch First 

Get SALT Encoding   

  12  0:00  Drone  
  13  0:08  Drone  
  14  0:17  Overlord  
  14  0:22  Extractor  
  14  0:23  Drone  
  15  0:35  Drone x2  
  17  0:56  Hatchery  
  16  0:57  Drone  
  16  1:00  Drone  
  18  1:16  Spawning Pool  
  18  1:17  Extractor  
  15  1:20  Drone  
  15  1:23  Drone  
  17  1:28  Drone  
  18  1:38  Overlord  
  18  1:51  Drone  
  19  2:03  Queen  
  19  2:04  Zergling x2  
  19  2:07  Queen  
  19  2:08  Drone  
  25  2:12  Drone  
  26  2:20  Metabolic Boost  
  26  2:25  Drone x2  
  28  2:32  Drone x2  
  30  2:44  Overlord  
  30  2:46  Drone  
  30  2:50  Drone  
  32  2:55  Drone  
  33  3:02  Drone  
  34  3:13  Hatchery  
  33  3:21  Extractor  
  33  3:23  Drone x4  
  33  3:24  Drone  
  33  3:25  Drone x5  
  42  3:32  Lair  
  42  3:33  Overlord  
  42  3:48  Drone x2  
  42  3:54  Extractor  
  42  3:55  Drone x5, Extractor  
  47  3:57  Queen  
  47  3:58  Overlord  
  47  4:01  Overlord  
  49  4:14  Roach Warren, Drone  
  49  4:29  Drone x7  
  56  4:33  Drone  
  56  4:34  Hydralisk Den  
  56  4:42  Drone x7  
  63  4:48  Evolution Chamber, Drone x2  
  63  4:50  Evolution Chamber  
  63  4:54  Overlord  
  63  4:59  Overlord  
  63  5:07  Hydralisk x4  
  63  5:09  Hydralisk  
  63  5:11  Hydralisk  
  75  5:14  Hydralisk  
  75  5:19  Muscular Augments  
  75  5:20  Zerg Missile Weapons Level 1  
  77  5:24  Zerg Ground Armor Level 1  
  77  5:41  Hydralisk x4  
  85  5:46  Zergling x10  
  90  5:51  Overlord x3  
  90  6:01  Spine Crawler  
  90  6:02  Extractor  
  90  6:03  Spore Crawler  
  87  6:04  Spine Crawler  
  87  6:05  Spore Crawler  
  87  6:08  Overlord x2, Spine Crawler  
  84  6:12  Drone x2  
  84  6:13  Drone  
  84  6:16  Spine Crawler, Extractor  
  85  6:37  Roach  
  85  6:38  Roach x10  
  76  7:15  Hydralisk x7  
  60  7:16  Hydralisk x6  
  53  7:55  Zergling x16  
  53  7:56  Zergling x16  
Tags
 
Add a new tag
Caveats
  • Supply blocks, unpowered buildings, or Contaminate may cause inaccurate times.
  • Supply counts are checked every 10 seconds.